 Dungeon Crawl Stone Soup version 0.19.1-1-g22dce08 (webtiles) character file.

326 Dolanko the Slasher (level 6, -18/52 HPs)
             Began as a Draconian Gladiator on Dec 30, 2016.
             Killed from afar by flt's ghost (20 damage)
             ... with a bolt of negative energy
             ... on level 5 of the Dungeon.
             The game lasted 00:11:56 (4101 turns).

Dolanko the Slasher (Draconian Gladiator)           Turns: 4101, Time: 00:11:56

Health: -18/52     AC:  7    Str: 17    XL:     6   Next: 24%
Magic:  15/15      EV: 19    Int:  8    God:
Gold:   222        SH:  0    Dex: 19    Spells: 0 memorised, 5 levels left

rFire  . . .     SeeInvis +     a - +0 long sword
rCold  . . .     Gourm    .     (armour unavailable)
rNeg   . . .     Faith    .     (no shield)
rPois  .         Spirit   .     b - +0 hat
rElec  .         Reflect  .     B - +0 cloak
rCorr  .         Harm     .     (no gloves)
MR     .....                    (no boots)
Stlth  +++.......               (no amulet)
                                D - ring of magical power
                                f - ring of see invisible

@: agile, drained
A: unfitting armour, cold-blooded, AC +6
a: no special abilities


You were on level 5 of the Dungeon.
You were hungry.

You visited 1 branch of the dungeon, and saw 5 of its levels.

You collected 222 gold pieces.

Inventory:

Hand Weapons
 a - a +0 long sword (weapon)
Missiles
 c - 3 throwing nets (quivered)
Armour
 b - a +0 hat (worn)
 B - a +0 cloak (worn)
 G - a +2 shield
Jewellery
 f - a ring of see invisible (left hand)
 r - an uncursed ring of stealth
 u - an uncursed ring of protection from fire
 D - a ring of magical power (right hand)
Wands
 x - a wand of random effects (16/48)
 y - a wand of flame (18/48)
Scrolls
 g - 6 scrolls of identify
 k - a scroll of amnesia {unknown}
 m - a scroll of fog {unknown}
 n - 3 scrolls of teleportation
 q - a scroll of remove curse {unknown}
 t - 2 scrolls of enchant armour {unknown}
 w - a scroll of immolation {unknown}
 C - a scroll of random uselessness {unknown}
 F - a scroll of enchant weapon {unknown}
 H - a scroll of recharging {unknown}
Potions
 h - 2 potions of degeneration {unknown}
 o - a potion of lignification {unknown}
 p - 3 potions of mutation {unknown}
 s - 4 potions of flight {unknown}
 v - a potion of brilliance {unknown}
 A - a potion of might {unknown}
 E - a potion of haste {unknown}
Comestibles
 d - 5 bread rations
 i - 4 meat rations
 l - 2 beef jerkies
 z - 2 slices of pizza
 I - a chunk of flesh


   Skills:
 + Level 3.9(2.8) Fighting
 * Level 5.3(4.2) Long Blades
 - Level 1.7(0.7) Throwing
 + Level 4.1(3.0) Dodging


You had 5 spell levels left.
You didn't know any spells.

Dungeon Overview and Level Annotations

Branches:
Dungeon (5/15)
 Temple: D:4-7

Altars:
Cheibriados
Nemelex Xobeh
Vehumet
The Shining One

Annotations:
D:4 Dowan, Duvessa
D:5 flt's ghost, novice DrCj


Innate Abilities, Weirdness & Mutations

Your plain brown scales are hard. (AC +6)
You cannot fit into any form of body armour.
You are cold-blooded and may be slowed by cold attacks.


Message History

You feel better.
Flt's ghost hits you but does no damage.
You barely miss flt's ghost.
Your tail-slap misses flt's ghost.
Flt's ghost is moderately damaged.
Flt's ghost closely misses you.
You completely miss flt's ghost.
Flt's ghost is moderately damaged.
Flt's ghost barely misses you.
You hit flt's ghost but do no damage.
You tail-slap flt's ghost, but do no damage.
Flt's ghost is moderately damaged.
Flt's ghost hits you.
* * * LOW HITPOINT WARNING * * *
Flt's ghost hits you!
* * * LOW HITPOINT WARNING * * *
You barely miss flt's ghost.
Flt's ghost is moderately damaged.
Flt's ghost breathes negative energy at you.
The bolt of negative energy hits you!
You feel drained.
You die...

#.# #.#
###### #.#
#....# #.#
#.##.# #.#
#.##.#
#.###.##.#
#.....##.# #
########.#.#
#@..# #W#.#
#####


You could see flt's ghost.

Vanquished Creatures
  A jelly (D:3)
  A centaur skeleton (D:4)
  Ijyb (D:3)
  2 worker ants
  A hound skeleton (D:4)
  2 gnolls (D:1)
  5 adders
  An ooze (D:3)
  5 worms
  A dart slug (D:2)
  5 leopard geckos
  3 orcs
  A ball python (D:3)
  12 bats
  4 giant cockroaches
  7 goblins
  7 hobgoblins
  4 jackals (D:1)
  5 frilled lizards
  11 kobolds
  A leopard gecko skeleton (D:4)
  7 rats
87 creatures vanquished.

Notes
Turn   | Place    | Note
-------+----------+-------------------------------------------
     0 | D:1      | Dolanko the Draconian Gladiator began the quest for the Orb.
     0 | D:1      | Reached XP level 1. HP: 17/17 MP: 1/1
     3 | D:1      | Noticed an electric eel
     3 | D:1      | Noticed an electric eel
   114 | D:1      | Reached XP level 2. HP: 24/24 MP: 2/2
   524 | D:1      | Reached XP level 3. HP: 17/30 MP: 3/3
  1140 | D:2      | Reached skill level 4 in Long Blades
  1320 | D:2      | Reached XP level 4. HP: 37/37 MP: 4/4
  2048 | D:3      | You fall through a shaft!
  2088 | D:4      | Found a sparkling altar of Nemelex Xobeh.
  2154 | D:4      | Reached XP level 5. HP: 23/45 MP: 5/5
  2419 | D:4      | Found a radiant altar of Vehumet.
  2614 | D:4      | Noticed Dowan
  2618 | D:4      | Noticed Duvessa
  3148 | D:3      | Noticed Ijyb
  3160 | D:3      | Killed Ijyb
  3160 | D:3      | Reached skill level 5 in Long Blades
  3288 | D:3      | Reached XP level 6. HP: 43/52 MP: 6/6
  3448 | D:3      | Found a glowing golden altar of the Shining One.
  3759 | D:4      | Found a snail-covered altar of Cheibriados.
  4017 | D:5      | Entered Level 5 of the Dungeon
  4083 | D:5      | Noticed flt's ghost (novice DrCj)
  4100 | D:5      | HP: 1/52 [flt's ghost (7)]
  4101 | D:5      | Killed from afar by flt's ghost

Skill      XL: |  1  2  3  4  5 |
---------------+----------------+-----
Dodging        | 3 4 |  4.1
Long Blades    | 4 5 |  5.3
Fighting       | 3 |  3.9
Throwing       | |  1.7

Action                   |  1- 3 |  4- 6 || total
-------------------------+-------+-------++-------
Melee: Long sword        |    98 |   170 ||   268
       Tailslap          |    11 |    34 ||    45
Evoke: Wand              |       |     2 ||     2
  Use: Potion            |     1 |     5 ||     6
       Scroll            |       |     2 ||     2
 Stab: Sleeping          |     1 |     3 ||     4
  Eat: Chunk             |     1 |     9 ||    10
Armor: Skin              |    40 |    52 ||    92
Dodge: Dodged            |    82 |   138 ||   220
       Rpst.: Long sword |    28 |    39 ||    67
